 Dungeon Crawl Stone Soup version 0.27-a0-1202-ge72e49191c (webtiles) character file.

Game seed: 9580134810303625132

39 Glokmah the Gusty (level 3, -1/26 HPs)
             Began as a Demonspawn Air Elementalist on June 4, 2021.
             Slain by a hobgoblin (4 damage)
             ... on level 1 of the Dungeon.
             The game lasted 00:03:01 (1179 turns).

Glokmah the Gusty (Demonspawn Air Elementalist)     Turns: 1179, Time: 00:03:02

Health: -1/26      AC:  2    Str:  8    XL:     3   Next: 26%
Magic:  0/6        EV: 12    Int: 17    God:
Gold:   0          SH:  4    Dex: 11    Spells: 3/6 levels left

rFire    . . .     SeeInvis .   c - +0 whip
rCold    . . .     Faith    .   (no shield)
rNeg     . . .     Spirit   .   a - +0 robe
rPois    .         Reflect  .   (no helmet)
rElec    .         Harm     .   (no cloak)
rCorr    .         Rampage  .   (no gloves)
Will     .....                  (no boots)
Stlth    ++........             (no amulet)
HPRegen  0.08/turn              (no ring)
MPRegen  0.10/turn              (no ring)

@: no status effects
A: condensation shield, clumsy 1, subdued magic 1
a: no special abilities


You were on level 1 of the Dungeon.
You visited 1 branch of the dungeon, and saw 1 of its levels.

Inventory:

Hand Weapons
 c - a +0 whip (weapon)
Missiles
 d - 17 poisoned darts
Armour
 a - a +0 robe (worn)
Scrolls
 b - 2 scrolls of identify {unknown}
 e - a scroll of enchant armour {unknown}
 h - a scroll of brand weapon {unknown}


   Skills:
 + Level 1.1 Fighting
 - Level 1.7 Dodging
 - Level 1.7 Stealth
 + Level 2.3 Spellcasting
 + Level 1.6 Conjurations
 * Level 3.2 Air Magic


You had 3 spell levels left.
You knew the following spells:

 Your Spells              Type           Power      Damage    Failure   Level
a - Shock                 Conj/Air       28%        1d4       5%          1
b - Static Discharge      Conj/Air       7%         N/A       9%          2

Your spell library contained the following spells:

 Spells                   Type           Power      Damage    Failure   Level
 Swiftness                Air            10%        N/A       12%         3
 Airstrike                Air            5%         N/A       38%         4
 Lightning Bolt           Conj/Air       3%         1d15      86%         5


Dungeon Overview and Level Annotations

Branches:
Dungeon (1/15)

Altars:

Shops:
D:1 *


Innate Abilities, Weirdness & Mutations

A meltable shield of frost defends you. (SH +4)
You are clumsy. (Dex -2)
Your spells are a little easier to cast, but a little less powerful.


Message History

Confirm with . or Enter, or press ? or * to list all spells.
Aiming: Shock (safe; 5% risk of failure)
Press: ? - help, Shift-Dir - straight line, f - hobgoblin
Aim: a hobgoblin, wearing a +0 scale mail (72% to hit)
The zap hits the jackal but does no damage.
The zap hits the hobgoblin.
The hobgoblin is moderately wounded.
You block the jackal's attack.
You closely miss the jackal. You block the jackal's attack.
The jackal closely misses you.
You closely miss the jackal. The jackal bites you.
You closely miss the jackal.
The jackal bites you but does no damage.
The jackal barely misses you.
You hit the jackal.
The jackal is almost dead.
The jackal bites you.
* * * LOW HITPOINT WARNING * * *
You barely miss the jackal.
The jackal is almost dead.
The jackal bites you.
* * * LOW HITPOINT WARNING * * *
The jackal bites you but does no damage.
You closely miss the jackal.
The jackal is almost dead.
The jackal bites you but does no damage.
You hit the jackal.
You kill the jackal!
Casting: Shock (safe; 5% risk of failure)
Confirm with . or Enter, or press ? or * to list all spells.
Aiming: Shock (safe; 5% risk of failure)
Press: ? - help, Shift-Dir - straight line, f/p - hobgoblin
Aim: a hobgoblin, wearing a +0 scale mail (moderately wounded, 72% to hit)
The zap misses the hobgoblin.
The hobgoblin hits you.
* * * LOW HITPOINT WARNING * * *
Unknown command.
You hit the hobgoblin but do no damage.
The hobgoblin is moderately wounded.
The hobgoblin hits you.
You die...

#.#####.### #.##(....# . ### #.#
#...##.#.# # ##.## ###.##...# #
#...# #......# # #...#
###.##.####.# #### #...#
#.##......# #... #...#
###..######## #.## #.†.# #......#
######.## ######...#######@##.#.#
#......##
.......).......#g#..#.###......##
.......(............#..........##
...........>.....#.##.###........
####.#...#.#.......##.###.....###
...#.#...#.#.##.........#######
##.#.#...#.#.##.##..###.#
##^#.#...#.#.##.....# #.#
##.#.......#.#####..###.#########


You could see a hobgoblin.

Vanquished Creatures
  A ball python (D:1)
  6 endoplasms (D:1)
  2 giant cockroaches (D:1)
  5 goblins (D:1)
  7 hobgoblins (D:1)
  3 jackals (D:1)
  A bat (D:1)
  2 frilled lizards (D:1)
  3 kobolds (D:1)
  A rat (D:1)
31 creatures vanquished.

Notes
Turn   | Place    | Note
-------+----------+-------------------------------------------
     0 | D:1      | Glokmah the Demonspawn Air Elementalist began the quest for
                  | the Orb.
     0 | D:1      | Reached XP level 1. HP: 13/13 MP: 3/3
   255 | D:1      | Gained mutation: A meltable shield of frost defends you.
                  | (SH +4) [demonic ancestry]
   255 | D:1      | Reached XP level 2. HP: 20/20 MP: 1/5
   339 | D:1      | Reached skill level 3 in Air Magic
   342 | D:1      | Learned a level 2 spell: Static Discharge
   801 | D:1      | Found Wavvizxie's General Store.
   823 | D:1      | Reached skill level 1 in Fighting
  1061 | D:1      | Reached XP level 3. HP: 26/26 MP: 3/6
  1156 | D:1      | Gained mutation: You are clumsy. (Dex -2) [potion of
                  | mutation]
  1156 | D:1      | Gained mutation: Your spells are a little easier to cast,
                  | but a little less powerful. [potion of mutation]
  1179 | D:1      | Slain by a hobgoblin

Illustrated notes

Levels and vault maps discovered:
D:1:      onia_arrival_mini_spirals, layout_loops_cross, serial_shops, shop,
          minmay_tetromino_o2

Skill      XL: |  1  2 |
---------------+-------+-----
Air Magic      | 3 |  3.2
Fighting       | 1 |  1.1
Dodging        | |  1.7
Stealth        | |  1.7
Spellcasting   | |  2.3
Conjurations   | |  1.6

Action                   || total
-------------------------++-------
Melee: Whip              ||    38
 Cast: Shock             ||    51
       Static Discharge  ||     1
  Use: Potion            ||     2
Armor: Robe              ||     6
Dodge: Dodged            ||    23
Block: Other             ||     9

Table legend: (Time is in decaauts)
 A = Elapsed time spent in this place.
 B = Non-inter-level travel time spent in this place.
 C = Inter-level travel time spent in this place.
 D = Time resting spent in this place.
 E = Time spent auto-exploring this place.
 F = Levels seen in this place.
 G = Mean time per level.
                   A        B        C        D        E       F      G
               +--------+--------+--------+--------+--------+-----+--------+
         Total |   1182 |   1182 |      0 |     90 |    887 |   1 | 1182.0 |
       Dungeon |   1182 |   1182 |      0 |     90 |    887 |   1 | 1182.0 |
               +--------+--------+--------+--------+--------+-----+--------+

Top non-repeatable levels by time:
     D:1: 1182 daAuts
